 Dungeon Crawl Stone Soup version 0.23-a0-837-ga3e6480 (console) character file.

19 bli the Covered (level 2, -2/25 HPs)
             Began as a Barachi Fighter on Jan 24, 2019.
             Slain by a kobold
             ... wielding a +0 whip
              (5 damage)
             ... on level 1 of the Dungeon.
             The game lasted 00:01:14 (303 turns).

bli the Covered (Barachi Fighter)                    Turns: 303, Time: 00:01:15

Health: -2/25      AC:  5    Str: 17    XL:     2   Next: 75%
Magic:  2/2        EV:  8    Int:  8    God:
Gold:   33         SH:  9    Dex: 11    Spells: 1/1 levels left

rFire    . . .     SeeInvis .   a - +0 long sword
rCold    . . .     Gourm    .   c - +0 shield
rNeg     . . .     Faith    .   i - +0 ring mail
rPois    .         Spirit   .   (no helmet)
rElec    .         Reflect  .   (no cloak)
rCorr    .         Harm     .   (no gloves)
MR       .....                  (no boots)
Stlth    +.........             (no amulet)
HPRegen  0.08/turn              (no ring)
MPRegen  0.08/turn              (no ring)

@: slow
A: +LOS, swims, slowness 1, strong legs 1
a: Hop


You were on level 1 of the Dungeon.
You were not hungry.

You visited 1 branch of the dungeon, and saw 1 of its levels.

You collected 33 gold pieces.

Inventory:

Hand Weapons
 a - a +0 long sword (weapon)
Missiles
 o - 20 stones (quivered)
Armour
 b - a +0 scale mail
 c - a +0 shield (worn)
 i - a +0 ring mail (worn)
 l - a +0 chain mail
Scrolls
 j - a scroll of teleportation {unknown}
 m - a scroll of noise {unknown}
Potions
 d - a potion of might
 e - a potion of haste {unknown}
 h - a potion of curing {unknown}
 k - a potion of heal wounds {unknown}
 n - a potion of brilliance {unknown}
Comestibles
 f - 2 rations
 g - 3 chunks of flesh


   Skills:
 + Level 3.9 Fighting
 * Level 2.9 Long Blades
 + Level 4.0 Armour
 + Level 3.5 Shields


You had one spell level left.
You didn't know any spells.
Your spell library was empty.

Dungeon Overview and Level Annotations

Branches:
Dungeon (1/15)

Altars:


Innate Abilities, Weirdness & Mutations

Shadows flee at your approach. (+LOS)
You can swim through water.
You cover ground slowly.
You can hop short distances.


Message History

Found a whip.
You see here a stone.
The kobold hits you but does no damage. x2; The rat closely misses you.
The hobgoblin hits you but does no damage.
The kobold hits you with a +0 whip. The kobold barely misses you.
You barely miss the kobold. You block the rat's attack.
The kobold hits you but does no damage. x2
The hobgoblin hits you but does no damage.
You hit the kobold but do no damage. You block the rat's attack.
The kobold barely misses you.
You riposte.
You barely miss the kobold. You block the kobold's attack.
The hobgoblin hits you with a +0 club.
Your shield and ring mail prevent you from hitting the rat.
You block the rat's attack. The kobold barely misses you.
You riposte.
You slash the kobold!
You kill the kobold!
Your Armour skill increases to level 4!
The kobold hits you with a +0 whip.
* * * LOW HITPOINT WARNING * * *
The hobgoblin hits you with a +0 club.
* * * LOW HITPOINT WARNING * * *
The rat barely misses you.
You barely miss the rat. The kobold hits you with a +0 whip.
You die...

#..# ######. ...#
#. ..#..##
#######รท
..#..####.....#)
..##>...)..##.#.
.# ######..##...
.# #..#####
##########.# #
#......#
#.......... .###
##.....#
#........r# .....
####..#
#.......)@#......
#..#
#.......g.K.......
#..#
########.##..)....
#..# #.# .......
#... #(# ######
#.##
#(##############.#
#................#
##################


You could see a hobgoblin, a kobold and a rat.

Vanquished Creatures
  A worm (D:1)
  2 dart slugs (D:1)
  A ball python (D:1)
  2 goblins (D:1)
  2 hobgoblins (D:1)
  2 jackals (D:1)
  A kobold (D:1)
11 creatures vanquished.

Notes
Turn   | Place    | Note
-------+----------+-------------------------------------------
     0 | D:1      | bli the Barachi Fighter began the quest for the Orb.
     0 | D:1      | Reached XP level 1. HP: 18/18 MP: 1/1
    75 | D:1      | Reached XP level 2. HP: 21/25 MP: 2/2
   302 | D:1      | Reached skill level 4 in Armour
   303 | D:1      | Slain by a kobold

Vault maps used:
D:1:      dpeg_arrival_brainrot

Skill      XL: |  1  2 |
---------------+-------+-----
Armour         | 4 |  4.0
Fighting       | |  3.9
Long Blades    | |  2.9
Shields        | |  3.5

Action                   || total
-------------------------++-------
Melee: Long sword        ||    32
Armor: Ring mail         ||    15
Dodge: Dodged            ||    14
Block: Shield            ||    16
       Rpst.: Long sword ||     3

Table legend:
 A = Non-vault XP
 B = Vault XP
 C = Vault XP percentage of total XP
 D = Non-vault monster count
 E = Vault monster count
 F = Vault count percentage of total count
                 A         B        C        D         E       F
            +---------+---------+-------+---------+---------+-------
      Total |      23 |       5 |  17.9 |      10 |       1 |   9.1
            +---------+---------+-------+---------+---------+-------
        D:1 |      23 |       5 |  17.9 |      10 |       1 |   9.1
            +---------+---------+-------+---------+---------+-------
